 Dungeon Crawl Stone Soup version 0.29.1-1-gd02db6906a (webtiles) character file.

Game seed: 18232476477349692438

35 Jakudza the Chopper (level 3, -5/33 HPs)
             Began as a Hill Orc Berserker on Sept 16, 2022.
             Was a Believer of Trog.
             Slain by a worm (11 damage)
             ... on level 2 of the Dungeon.
             The game lasted 00:04:10 (1296 turns).

Jakudza the Chopper (Hill Orc Berserker)            Turns: 1296, Time: 00:04:11

Health: -5/33      AC:  2    Str: 21    XL:     3   Next: 33%
Magic:  3/3        EV: 12    Int:  7    God:    Trog [**....]
Gold:   62         SH:  0    Dex: 10    Spells: 2/2 levels left

rFire   . . .      SeeInvis .   a - +0 hand axe
rCold   . . .      Faith    .   (no shield)
rNeg    . . .      Spirit   .   b - +0 animal skin
rPois   .          Reflect  .   (no helmet)
rElec   .          Harm     .   (no cloak)
rCorr   .          Rampage  .   (no gloves)
Will    .....                   (no boots)
Stlth   +.........              (no amulet)
HPRegen 0.11/turn               (no ring)
MPRegen 0.08/turn               (no ring)

@: no status effects
A: no striking features
a: Renounce Religion, Berserk, Trog's Hand


You were on level 2 of the Dungeon.
You worshipped Trog.
Trog was pleased with you.
You visited 1 branch of the dungeon, and saw 2 of its levels.

You collected 62 gold pieces.

Inventory:

Hand Weapons
 a - a +0 hand axe (weapon)
Missiles
 e - a throwing net (quivered)
 h - 3 boomerangs
Armour
 b - a +0 animal skin (worn)
Potions
 c - a potion of brilliance {unknown}
 d - a potion of haste {unknown}
 f - a potion of attraction {unknown}
 g - a potion of curing {unknown}


   Skills:
 * Level 4.2 Fighting
 * Level 4.6 Axes
 * Level 2.9 Armour
 - Level 1.6 Dodging


You had 2 spell levels left.
You didn't know any spells.
Your spell library was empty.

Dungeon Overview and Level Annotations

Branches:
Dungeon (2/15)

Altars:


Message History

You hit the kobold.
You kill the kobold!
Trog accepts your kill. The worm bites you!
You see here a +0 short sword.
You hit the worm but do no damage. You closely miss the kobold.
The kobold hits you but does no damage. x2
You hit the worm.
The worm is lightly wounded.
You hit the kobold but do no damage. The worm bites you!
The kobold hits you but does no damage.
You are too injured to fight recklessly!
You are too injured to fight recklessly!
You are too injured to fight recklessly!
You are too injured to fight recklessly!
You are too injured to fight recklessly!
You are too injured to fight recklessly!
You barely miss the worm.
The worm is lightly wounded.
You hit the kobold. The kobold hits you with a +0 dagger.
The worm barely misses you.
You slash the worm!
The worm is heavily wounded.
You hit the kobold.
You kill the kobold!
Trog accepts your kill.
You slash the worm!
The worm is severely wounded.
The worm bites you.
* * * LOW HITPOINT WARNING * * *
You hit the worm.
The worm is almost dead.
The worm bites you.
* * * LOW HITPOINT WARNING * * *
You barely miss the worm.
The worm is almost dead.
You barely miss the worm.
The worm is almost dead.
The worm bites you!
You die...

###### ############
#....## ...........#
#.....#
......)....####.##..#
......w@)..'.......>#
...!....†..#######..####
...........# #......
...........# ##.####
.......##### #.# ......)
#.# ####### #.#
#####'#### #........#


You could see a worm.

Vanquished Creatures
  A dart slug (D:1)
  4 ball pythons (D:1)
  5 endoplasms
  3 giant cockroaches (D:1)
  2 goblins (D:1)
  3 hobgoblins
  6 kobolds (D:2)
  A quokka (D:1)
  2 frilled lizards (D:1)
  A rat (D:2)
28 creatures vanquished.

Notes
Turn   | Place    | Note
-------+----------+-------------------------------------------
     0 | D:1      | Jakudza the Hill Orc Berserker began the quest for the Orb.
     0 | D:1      | Reached XP level 1. HP: 19/19 MP: 1/1
   213 | D:1      | Reached XP level 2. HP: 27/27 MP: 2/2
   718 | D:1      | Reached XP level 3. HP: 30/33 MP: 3/3
  1079 | D:2      | Found a faded altar of an unknown god.
  1285 | D:2      | Reached ** piety under Trog
  1296 | D:2      | Slain by a worm

Illustrated notes

Levels and vault maps discovered:
D:1:      amcnicky_arrival_double_pillar, layout_loops_ring
D:2:      layout_basic, dreamdust_ecumenical_altar_statues

Skill      XL: |  1  2 |
---------------+-------+-----
Fighting       | 4 |  4.2
Axes           | |  4.6
Armour         | |  2.9
Dodging        | |  1.6

Action                   || total
-------------------------++-------
Melee: Hand axe          ||    81
       Punch             ||     1
  Use: Scroll            ||     3
 Stab: Sleeping          ||     1
Armor: Animal skin       ||    14
Dodge: Dodged            ||    40
